 Dungeon Crawl Stone Soup version 0.22.1-1-ga44c0e5 (webtiles) character file.

49 MalarOregon the Digger (level 3, -6/26 HPs)
             Began as a Minotaur Earth Elementalist on Sept 23, 2018.
             Mangled by a gnoll
             ... wielding a +0 club
              (7 damage)
             ... on level 1 of the Dungeon.
             The game lasted 00:02:33 (1604 turns).

MalarOregon the Digger (MiEE)                       Turns: 1604, Time: 00:02:34

Health: -6/26      AC:  2    Str: 13    XL:     3   Next: 53%
Magic:  4/4        EV: 12    Int: 12    God:
Gold:   107        SH:  0    Dex: 10    Spells: 1/4 levels left

rFire    . . .     SeeInvis .   h - +1 mace
rCold    . . .     Gourm    .   (no shield)
rNeg     . . .     Faith    .   c - +0 robe
rPois    .         Spirit   .   (helmet restricted)
rElec    .         Reflect  .   (no cloak)
rCorr    .         Harm     .   (no gloves)
MR       .....                  (no boots)
Stlth    +.........             (no amulet)
HPRegen  0.08/turn              (no ring)
MPRegen  0.09/turn              (no ring)

@: drained
A: retaliatory headbutt, horns 2
a: no special abilities


You were on level 1 of the Dungeon.
You were not hungry.

You visited 1 branch of the dungeon, and saw 2 of its levels.

You collected 107 gold pieces.

Inventory:

Hand Weapons
 h - a +1 mace (weapon)
   (You found it on level 1 of the Dungeon)
Missiles
 b - 77 stones (quivered)
Armour
 c - a +0 robe (worn)
Scrolls
 a - a scroll of teleportation {@r4}
 d - 6 scrolls of blinking
Potions
 f - a potion of mutation {unknown}
 g - a potion of curing {@q1}
 j - 2 potions of agility {unknown}
 l - a potion of flight
 m - 2 potions of resistance {unknown}
Comestibles
 e - 5 rations {!d}
 i - 2 chunks of flesh


   Skills:
 + Level 1.6(1.3) Maces & Flails
 - Level 2.1(1.8) Dodging
 - Level 1.5(1.2) Stealth
 - Level 1.3(1.1) Spellcasting
 - Level 0.7(0.4) Transmutations
 * Level 3.5(3.2) Earth Magic


You had one spell level left.
You knew the following spells:

 Your Spells              Type           Power        Failure   Level  Hunger
a - Sandblast             Erth           #.....       8%          1    ##.....
q - Passwall              Tmut/Erth      #.......     22%         2    ###....

Your spell library contained the following spells:

 Spells                   Type           Power        Failure   Level  Hunger
 Stone Arrow              Conj/Erth      #.....       43%         3    ####...
 Petrify                  Tmut/Erth      #.......     80%         4    #####..
 Lee's Rapid Deconstruct  Erth           #.........   91%         5    ######.


Dungeon Overview and Level Annotations

Branches:
Dungeon (2/15)

Altars:
Kikubaaqudgha


Innate Abilities, Weirdness & Mutations

You reflexively headbutt those who attack you in melee.
You have a pair of horns on your head.


Message History

b - 78 stones
Aim: a gnoll, wielding a club The blast of sand hits the gnoll.
b - 77 stones You barely miss the gnoll.
The gnoll closely misses you. The gnoll hits you with a club!
* * * LOW HITPOINT WARNING * * *
A quokka comes into view.
The quokka barely misses you.
A frilled lizard comes into view.
The frilled lizard moves out of view.
There is a stone staircase leading down here.
The quokka barely misses you. You furiously retaliate!
You headbutt the quokka. The quokka misses you.
You see here a club.
There is a stone staircase leading up here.
The quokka barely misses you.
The quokka bites you but does no damage.
You climb upwards.
There is a stone staircase leading down here.
You barely miss the quokka. The quokka barely misses you.
The quokka closely misses you. You furiously retaliate!
You headbutt the quokka, but do no damage.
You closely miss the quokka. Your headbutt misses the quokka.
The quokka closely misses you. You furiously retaliate!
You headbutt the quokka!
You kill the quokka!
You see here a quokka corpse.
Unknown command.
You butcher the quokka corpse.
i - 13 chunks of flesh (gained 2)
You see here a quokka skeleton.
There is a stone staircase leading down here.
You start resting.
Eating one of 13 chunks of flesh.
You eat one of the 13 chunks of flesh.
You start resting.
Some of the chunks of flesh in your inventory have rotted away. x4
You climb downwards.
The gnoll hits you with a club! The gnoll barely misses you.
There is a stone staircase leading up, spattered with blood here.
The gnoll hits you with a club!
* * * LOW HITPOINT WARNING * * *
The gnoll hits you with a whip of draining!
* * * LOW HITPOINT WARNING * * *
You feel drained.
* * * LOW HITPOINT WARNING * * *
You climb upwards.
There is a stone staircase leading down here.
The gnoll hits you with a club!
You die...

#....##.......# #)# #.#
##.............# #.# #.#
#...#....#...### #.# #.#
#............# #.# #.#
#............# #.# #.#
#....#.#.....# #.# #.####
####.#...#.#.# #.# #....# ###
#............# #.# ###.## ..#
#..........รท@#####.# #.# ..#
#..........g>g.....# #.#
..###..........######### #.#
...##..........# #.#
...##..........# #.#
...............# #.#
...##########################.#
...# #.............# ...#
#.#############


You could see 2 gnolls.

Vanquished Creatures
  2 adders (D:2)
  A dart slug (D:1)
  A leopard gecko (D:1)
  A giant cockroach (D:1)
  6 hobgoblins
  3 kobolds
  2 quokkas
  5 bats
  2 frilled lizards (D:1)
  A goblin (D:1)
  4 rats
28 creatures vanquished.

Notes
Turn   | Place    | Note
-------+----------+-------------------------------------------
     0 | D:1      | MalarOregon the Minotaur Earth Elementalist began the quest
                  | for the Orb.
     0 | D:1      | Reached XP level 1. HP: 14/14 MP: 1/1
   406 | D:1      | Reached XP level 2. HP: 16/20 MP: 3/3
   407 | D:1      | Reached skill level 3 in Earth Magic
   636 | D:1      | Learned a level 2 spell: Passwall
  1063 | D:1      | Reached skill level 1 in Maces & Flails
  1214 | D:2      | Found an ancient bone altar of Kikubaaqudgha.
  1293 | D:2      | Reached XP level 3. HP: 23/26 MP: 4/4
  1602 | D:2      | HP: 1/26 [gnoll/whip of draining (1)]
  1604 | D:1      | Mangled by a gnoll

Skill      XL: |  1  2 |
---------------+-------+-----
Earth Magic    | 3 |  3.5
Maces & Flails | 1 |  1.6
Dodging        | |  2.1
Stealth        | |  1.5
Spellcasting   | |  1.3
Transmutations | |  0.7

Action                   || total
-------------------------++-------
Melee: Unarmed           ||    16
       Mace              ||    38
       Headbutt          ||     6
 Cast: Sandblast         ||     9
  Use: Scroll            ||     7
 Stab: Sleeping          ||     1
  Eat: Chunk             ||     2
Armor: Robe              ||    11
Dodge: Dodged            ||    67
